 Dungeon Crawl Stone Soup version 0.22.1-1-ga44c0e5 (webtiles) character file.

157 TrumpIsADick the Stinger (level 5, 0/32 HPs)
             Began as an Octopode Venom Mage on Oct 29, 2018.
             Slain by Terence
             ... wielding a +0 hand axe
              (6 damage)
             ... on level 3 of the Dungeon.
             The game lasted 00:05:11 (3218 turns).

TrumpIsADick the Stinger (Octopode Venom Mage)      Turns: 3218, Time: 00:05:12

Health: 0/32       AC:  1    Str:  7    XL:     5   Next: 38%
Magic:  2/9        EV: 13    Int: 18    God:
Gold:   162        SH:  0    Dex: 13    Spells: 3/10 levels left

rFire    . . .     SeeInvis .   (no weapon)
rCold    . . .     Gourm    .   (no shield)
rNeg     . . .     Faith    .   (helmet restricted)
rPois    .         Spirit   .   f - amulet of regeneration
rElec    .         Reflect  .   (no ring)
rCorr    .         Harm     .   (no ring)
MR       .....                  (no ring)
Stlth    +++.......             (no ring)
HPRegen  0.50/turn              (no ring)
MPRegen  0.11/turn              (no ring)
                                (no ring)
                                (no ring)

@: lethally poisoned (0 -> -1)
A: almost no armour, stealthy swim, amphibious, 8 rings, constrict 8, camouflage
1, gelatinous body 1
a: no special abilities


You were on level 3 of the Dungeon.
You were hungry.

You visited 1 branch of the dungeon, and saw 3 of its levels.

You collected 162 gold pieces.

Inventory:

Hand Weapons
 c - a +0 club
 r - a +0 blowgun
Missiles
 e - 7 needles of frenzy
 o - 11 tomahawks (quivered)
Jewellery
 f - an amulet of regeneration (around mantle)
Scrolls
 g - 3 scrolls of identify {unknown}
 h - a scroll of fear {unknown}
 i - a scroll of random uselessness {unknown}
 j - a scroll of magic mapping {unknown}
 k - a scroll of amnesia {unknown}
Potions
 a - a potion of agility
 d - a potion of lignification
 n - a potion of curing {unknown}
 p - a potion of haste {unknown}
Comestibles
 b - 11 rations


   Skills:
 + Level 0.5 Fighting
 - Level 2.0 Dodging
 - Level 2.6 Stealth
 + Level 3.1 Spellcasting
 - Level 1.0 Conjurations
 - Level 2.0 Air Magic
 + Level 5.4 Poison Magic


You had 3 spell levels left.
You knew the following spells:

 Your Spells              Type           Power        Failure   Level  Hunger
a - Sting                 Conj/Pois      ##..         4%          1    None
b - Poisonous Vapours     Pois/Air       ###...       5%          2    ##.....
c - Olgreb's Toxic Radia  Pois           ###.....     17%         4    ####...

Your spell library contained the following spells:

 Spells                   Type           Power        Failure   Level  Hunger
 Mephitic Cloud           Conj/Pois/Air  ##......     16%         3    ###....
 Venom Bolt               Conj/Pois      ##........   75%         5    ######.


Dungeon Overview and Level Annotations

Branches:
Dungeon (3/15)

Altars:
Fedhas
Xom

Annotations:
D:3 Robin, Terence


Innate Abilities, Weirdness & Mutations

You cannot wear most types of armour.
You are very stealthy in the water. (Stealth+)
You are amphibious.
You can wear up to eight rings at the same time.
You can use your tentacles to constrict eight enemies at once.
Your skin changes colour to match your surroundings (Stealth+).
Your rubbery body absorbs attacks. (AC +1, EV +1)


Message History

Your roots penetrate the ground.
You feel sick. Terence says, "Did you write a will?
You should..."
The orc wizard mumbles some strange words.
The orc wizard flickers and vanishes!
Deactivating autopickup; reactivate with Ctrl-A.
Terence hits you but does no damage.
It was a potion of invisibility.
You fade into invisibility!
You feel sick. Terence hits you with a hand axe.
* * * LOW HITPOINT WARNING * * *
Robin of the Strong Arm comes into view.
She is wielding a spear.
It was a potion of cancellation.
Your magical effects are unravelling.
You feel magically purged.
Your magical contamination has completely faded away.
You feel less wooden.
You feel yourself speed up.
You flicker back into view.
You feel a little less agile now.
You kill the goblin!
Terence barely misses you. Terence hits you with a hand axe.
You die...

# .#### ## ...# ..# # ###
#######.#### .... !.
..###..........##.......#
........##........# .#.#
...##.#.##..##.##.##.g...
.#..........##.###))..#
...##.#.###.##..@@).#
#.###.#.###.#######...#
#.##...#.##.# ..#
.......##...# ...
#.##...#.#### #..
#.###.#.## . #.###.#.#
........# #.###....


You could see Terence and Robin (wandering).

Vanquished Creatures
  A hound (D:3)
  Jessica (D:2)
  An iguana (D:3)
  2 adders
  2 worms (D:2)
  2 dart slugs
  3 leopard geckos
  2 orcs (D:3)
  2 giant cockroaches (D:1)
  4 goblins
  4 hobgoblins
  7 jackals
  5 kobolds
  4 bats
  4 frilled lizards
  A rat (D:1)
45 creatures vanquished.

Notes
Turn   | Place    | Note
-------+----------+-------------------------------------------
     0 | D:1      | TrumpIsADick the Octopode Venom Mage began the quest for
                  | the Orb.
     0 | D:1      | Reached XP level 1. HP: 11/11 MP: 3/3
    18 | D:1      | Reached skill level 4 in Poison Magic
   339 | D:1      | Reached XP level 2. HP: 17/17 MP: 0/5
   348 | D:1      | Learned a level 2 spell: Poisonous Vapours
   861 | D:1      | Reached XP level 3. HP: 21/21 MP: 4/6
  1467 | D:2      | Noticed Jessica
  1474 | D:2      | Killed Jessica
  1474 | D:2      | Reached skill level 1 in Air Magic
  1474 | D:2      | Reached XP level 4. HP: 23/27 MP: 0/7
  1563 | D:2      | Found a shimmering altar of Xom.
  1697 | D:2      | Reached skill level 5 in Poison Magic
  2382 | D:2      | Found a blossoming altar of Fedhas.
  2592 | D:3      | Learned a level 4 spell: Olgreb's Toxic Radiance
  2642 | D:3      | Reached XP level 5. HP: 21/32 MP: 1/9
  3210 | D:3      | Noticed Terence
  3217 | D:3      | Noticed Robin
  3218 | D:3      | Slain by Terence

Skill      XL: |  1  2  3  4  5 |
---------------+----------------+-----
Poison Magic   | 4 5 |  5.4
Air Magic      | 1 2 |  2.0
Spellcasting   | 3 |  3.1
Fighting       | |  0.5
Dodging        | |  2.0
Stealth        | |  2.6
Conjurations   | |  1.0

Action                   |  1- 3 |  4- 6 || total
-------------------------+-------+-------++-------
Melee: Unarmed           |    64 |    49 ||   113
       Constrict         |    15 |    12 ||    27
       Tentacles         |     8 |     9 ||    17
 Cast: Sting             |    19 |     2 ||    21
       Poisonous Vapours |     5 |    14 ||    19
       Olgreb's Toxic Ra |       |     1 ||     1
  Use: Potion            |       |     4 ||     4
 Stab: Sleeping          |     1 |     4 ||     5
       Distracted        |       |     1 ||     1
  Eat: Chunk             |     2 |     6 ||     8
Armor: Skin              |     4 |     1 ||     5
Dodge: Dodged            |    64 |    39 ||   103
